 Dungeon Crawl Stone Soup version 0.25-a0-185-g6cfeca75b2 (webtiles) character file.

Game seed: 1384783317289614111, levelgen mode: deterministic

11 MisterFreud the Vexing (level 2, -3/13 HPs)
             Began as a Felid Enchanter on Nov 27, 2019.
             Killed from afar by a dart slug (4 damage)
             ... with a slug dart
             ... on level 1 of the Dungeon.
             The game lasted 00:01:07 (330 turns).

MisterFreud the Vexing (Felid Enchanter)             Turns: 330, Time: 00:01:08

Health: -3/13      AC:  1    Str:  4    XL:     2   Next: 13%
Magic:  6/6        EV: 18    Int: 16    God:
Gold:   29         SH:  0    Dex: 16    Spells: 4/5 levels left
                                        Lives:  0   Deaths: 0

rFire    . . .     SeeInvis +     - Unarmed
rCold    . . .     Gourm    .   (shield unavailable)
rNeg     . . .     Faith    .   (armour unavailable)
rPois    .         Spirit   .   (helmet unavailable)
rElec    .         Reflect  .   (cloak unavailable)
rCorr    .         Harm     .   (gloves unavailable)
MR       .....                  (boots unavailable)
Stlth    +++.......             (no amulet)
HPRegen  0.04/turn              (no ring)
MPRegen  0.10/turn              (no ring)

@: quick
A: very small, no armour, no weapons or thrown items, stealth, claws 1, fangs 3,
see invisible, carnivore, speed 1, shaggy fur 1, slow metabolism 1, sharp paws
a: no special abilities


You were on level 1 of the Dungeon.
You were completely stuffed.

You visited 1 branch of the dungeon, and saw 1 of its levels.

You collected 29 gold pieces.

Inventory:

Scrolls
 c - a scroll of remove curse
Comestibles
 b - 2 rations
 d - 3 chunks of flesh


   Skills:
 + Level 1.8 Fighting
 - Level 2.6 Dodging
 - Level 4.0 Stealth
 - Level 1.0 Unarmed Combat
 - Level 2.0 Spellcasting
 - Level 4.4 Hexes


You had 4 spell levels left.
You knew the following spells:

 Your Spells              Type           Power        Failure   Level  Hunger
a - Corona                Hex            ###....      3%          1    #......

Your spell library contained the following spells:

 Spells                   Type           Power        Failure   Level  Hunger
 Confuse                  Hex            ###.....     11%         3    ###....
 Tukima's Dance           Hex            ###.....     11%         3    ###....
 Ensorcelled Hibernation  Hex/Ice        #.....       13%         2    ###....
 Dazzling Spray           Conj/Hex       #.....       26%         3    ###....


Dungeon Overview and Level Annotations

Branches:
Dungeon (1/15)

Altars:


Innate Abilities, Weirdness & Mutations

You cannot wear armour.
You are incapable of wielding weapons or throwing items.
Your paws allow you to move quietly. (Stealth)
You have sharp claws.
You have razor-sharp teeth.
You have supernaturally acute eyesight. (SInv)
You are carnivorous and can eat meat at any time.
You cover ground quickly.
You are covered in fur. (AC +1)
You have a slow metabolism.
Your sharp claws are effective at attacking unaware monsters.


Message History

There is an open door here.
A dart slug comes into view.
There is an open door here.
You see here 5 stones.
Found 13 arrows.
You see here 13 arrows.
The dart slug misses you.
You scratch the dart slug.
The dart slug is lightly wounded.
The dart slug launches a dart at you. The slug dart misses you.
The slug dart hits the leopard gecko.
You scratch the dart slug but do no damage.
The dart slug is lightly wounded.
You scratch the dart slug.
The dart slug is moderately wounded.
The leopard gecko bites you.
* * * LOW HITPOINT WARNING * * *
The dart slug launches a dart at you. The slug dart hits you.
You die...

........##..#'###........
........##..#K# #........
........##..#.# #........
....(...##..#.###..[.....
........##...............
......(K'..##.#..........
........#####............
........# ######........
.#K###### #...l@w.......
.#.# #.####........ .#.#
#.# ##....... .#.# #l#
.##### .#.# #.# #
.#.#########.#
.#..(K...l...#
.############# ..#


You could see a dart slug and a leopard gecko.

Vanquished Creatures
  A giant cockroach (D:1)
  5 goblins (D:1)
  A bat (D:1)
  2 kobolds (D:1)
  A rat (D:1)
10 creatures vanquished.

Notes
Turn   | Place    | Note
-------+----------+-------------------------------------------
     0 | D:1      | MisterFreud the Felid Enchanter began the quest for the
                  | Orb.
     0 | D:1      | Reached XP level 1. HP: 7/7 MP: 4/4
    75 | D:1      | Reached skill level 1 in Fighting
   223 | D:1      | Reached XP level 2. HP: 13/13 MP: 6/6
   330 | D:1      | Killed from afar by a dart slug

Levels and vault maps discovered:
D:1:      nzn_arrival_settlement, layout_basic, minmay_tetromino_l2

Skill      XL: |  1 |
---------------+----+-----
Fighting       | 1 |  1.8
Dodging        | |  2.6
Stealth        | |  4.0
Unarmed Combat | |  1.0
Spellcasting   | |  2.0
Hexes          | |  4.4

Action                   || total
-------------------------++-------
Melee: Unarmed           ||    32
       Bite              ||     1
  Use: Scroll            ||     2
 Stab: Sleeping          ||     4
  Eat: Chunk             ||     6
Armor: Skin              ||     2
Dodge: Dodged            ||    23

Table legend:
 A = Non-vault XP
 B = Vault XP
 C = Vault XP percentage of total XP
 D = Non-vault monster count
 E = Vault monster count
 F = Vault count percentage of total count
                 A         B        C        D         E       F
            +---------+---------+-------+---------+---------+-------
      Total |      12 |       4 |  25.0 |       8 |       2 |  20.0
            +---------+---------+-------+---------+---------+-------
        D:1 |      12 |       4 |  25.0 |       8 |       2 |  20.0
            +---------+---------+-------+---------+---------+-------
